 Dungeon Crawl Stone Soup version 0.24.0-125-gc4c63601f3 (webtiles) character file.

Game seed: 7161718417003175236, levelgen mode: deterministic

5447 Ezendos the Geomancer (level 10, -4/61 HPs)
             Began as a Gargoyle Earth Elementalist on Mar 13, 2020.
             Was an Elder of Sif Muna.
             Slain by a meliai
             ... wielding a +0 war axe
              (13 damage)
             ... on level 10 of the Dungeon.
             The game lasted 00:42:35 (10238 turns).

Ezendos the Geomancer (GrEE)                       Turns: 10238, Time: 00:42:35

Health: -4/61      AC: 20    Str: 18    XL:     10   Next: 68%
Magic:  23/31      EV: 12    Int: 20    God:    Sif Muna [****..]
Gold:   522        SH:  4    Dex: 10    Spells: 10/25 levels left

rFire    + . .     SeeInvis .   a - +0 whip (elec)
rCold    . . .     Gourm    .   K - +0 buckler
rNeg     + . .     Faith    .   t - +6 leather armour of Existentialism {+Fly rF+ Str+7}
rPois    ∞         Spirit   .   I - +0 helmet
rElec    +         Reflect  .   F - +0 cloak
rCorr    .         Harm     .   (no gloves)
MR       +....                  P - +1 pair of boots
Stlth    ++........             (no amulet)
HPRegen  0.20/turn              L - ring of protection from magic
MPRegen  0.22/turn              u - ring of magical power

@: about to teleport
A: negative energy resistance 1, electricity resistance, unbreathing,
petrification resistance, rot immunity, AC +7
a: Channel Magic, Forget Spell, Divine Exegesis, Renounce Religion, Evoke Flight


You were on level 10 of the Dungeon.
You worshipped Sif Muna.
Sif Muna was greatly pleased with you.
You were not hungry.

You visited 2 branches of the dungeon, and saw 11 of its levels.
You also visited: Sewer.

You collected 522 gold pieces.

Inventory:

Hand Weapons
 a - a +0 whip of electrocution (weapon)
 b - the +6 hunting sling "Ezendos's Peril" {flame, rN+}
   (You found it on level 9 of the Dungeon)

   It causes projectiles fired from it to burn those they strike, causing extra
   injury to most foes and up to half again as much damage against particularly
   susceptible opponents.
   It protects you from negative energy.
 m - a +0 spear
Missiles
 C - 41 poisoned darts (quivered)
 D - 57 stones
Armour
 t - the +6 leather armour of Existentialism (worn) {+Fly rF+ Str+7}
   (You found it on level 4 of the Dungeon)

   It affects your strength (+7).
   It protects you from fire.
   It lets you fly.
 B - a +0 large shield
 F - a +0 cloak (worn)
 I - a +0 helmet (worn)
 K - a +0 buckler (worn)
 P - a +1 pair of boots (worn)
Jewellery
 u - a ring of magical power (right hand)
 v - an uncursed ring of protection from fire
 L - a ring of protection from magic (left hand)
Wands
 c - a wand of paralysis (8)
 n - a wand of flame (29)
 A - a wand of random effects (18)
 M - a wand of polymorph (5)
 N - a wand of scattershot (2)
 O - a wand of disintegration (17)
 Q - a wand of digging (6)
Scrolls
 i - 6 scrolls of teleportation
 j - 3 scrolls of remove curse
 k - a scroll of enchant weapon
 l - 3 scrolls of enchant armour
 p - a scroll of fog
 s - 2 scrolls of fear
 w - 2 scrolls of immolation
 y - 2 scrolls of random uselessness {unknown}
 z - 4 scrolls of magic mapping
 E - 3 scrolls of blinking
Potions
 e - 2 potions of ambrosia
 f - 5 potions of curing
 g - 5 potions of heal wounds
 h - 2 potions of brilliance
 o - a potion of mutation
 q - a potion of agility
 r - a potion of berserk rage
 G - 3 potions of magic
 H - a potion of haste {unknown}
 J - a potion of flight {unknown}
Comestibles
 d - 17 rations
 x - 3 chunks of flesh


   Skills:
 + Level 6.9 Fighting
 - Level 2.0 Armour
 - Level 2.1 Dodging
 - Level 2.1 Stealth
 - Level 4.0 Shields
 + Level 8.2 Spellcasting
 - Level 5.0 Conjurations
 - Level 0.7 Transmutations
 - Level 10.0 Earth Magic
 + Level 3.8 Evocations


You had 10 spell levels left.
You knew the following spells:

 Your Spells              Type           Power        Failure   Level  Hunger
a - Sandblast             Erth           #####.       1%          1    None
b - Stone Arrow           Conj/Erth      #####.       1%          3    None
c - Lee's Rapid Deconstr  Erth           #####.....   4%          5    #####..
d - Petrify               Tmut/Erth      ####....     11%         4    ###....
A - Passwall              Tmut/Erth      ####....     1%          2    None

Your spell library contained the following spells:

 Spells                   Type           Power        Failure   Level  Hunger
 Shock                    Conj/Air       ###.         3%          1    None
 Confusing Touch          Hex            #.....       10%         1    None
 Corona                   Hex            #......      10%         1    None
 Dazzling Spray           Conj/Hex       ###...       11%         3    None
 Static Discharge         Conj/Air       ###.....     11%         3    None
 Ensorcelled Hibernation  Hex/Ice        #.....       16%         2    None
 Swiftness                Chrm/Air       #.......     16%         2    None
 Confuse                  Hex            #.......     30%         3    None
 Gell's Gravitas          Tloc           #.........   30%         3    None
 Tukima's Dance           Hex            #.......     30%         3    None
 Airstrike                Air            #.........   69%         4    ###....
 Lightning Bolt           Conj/Air       ###.......   69%         5    #####..
 Yara's Violent Unravell  Hex/Tmut       #.........   93%         5    #####..
 Metabolic Englaciation   Hex/Ice        #.........   95%         5    #####..


Dungeon Overview and Level Annotations

Branches:
Dungeon (10/15)            Temple (0/1) D:4            Lair (1/6) D:10
    Orc (0/2) D:9           Sewer (visited)

Altars:
Elyvilon
Fedhas
Gozag
Hepliaklqana
Qazlal
Ru
Sif Muna
Trog
Wu Jian
Xom
Yredelemnul
The Shining One

Shops:
D:4 =

Annotations:
D:6 3 runed translucent doors


Innate Abilities, Weirdness & Mutations

You are resistant to torment.
Your stone body is resilient. (AC +7)
You are immune to poison.
You resist negative energy. (rN+)
You are resistant to electric shocks. (rElec)
You can survive without breathing.
You are immune to petrification.
You are immune to rotting.


Message History

Aiming: Petrify (safe; 11% risk of failure)
Press: ? - help, Shift-Dir - straight line, f/p - meliai
Aim: a meliai, wielding a +2 hand axe of freezing and wearing a +0 robe (chance to defeat MR: 58%)
The meliai resists with significant effort.
The meliai invokes the aid of its god against you.
Something smites you! The meliai hits you but does no damage.
The meliai stings you but does no damage.
The meliai misses you.
The meliai stings you but does no damage.
The meliai barely misses you. The meliai stings you.
As you read the scroll of teleportation, it crumbles to dust.
You feel strangely unstable. You block the meliai's attack.
The meliai stings you but does no damage.
The meliai hits you but does no damage. The meliai stings you.
The meliai invokes the aid of its god against you.
Something smites you!
* * * LOW HITPOINT WARNING * * *
The meliai closely misses you. x2; The meliai hits you but does no damage.
The meliai completely misses you. The meliai hits you with a +0 war axe!
You die...

...........y ........... .
#.......... ..####
#.............## ......
#........ ...... ...... ......
...# ...... ###..#######..#
......
#........@y...######......
#........yy...............
#.........................
#.........................
#.#####...........>.............
................................
######.############.....%.....#
#.# #....hyy....# #.#
#....y......#


You could see 3 meliai.

Vanquished Creatures
  A centaur zombie (D:10)
  Psyche (D:8)
  2 komodo dragons (D:10)
  A troll (D:10)
  Prince Ribbit (D:9)
  A hippogriff (D:9)
  A hungry ghost (D:9)
  A water moccasin (D:5)
  A hornet zombie (D:9)
  A sky beast (D:10)
  Duvessa (D:6)
  A black bear (D:8)
  3 orc warriors
  A phantom (D:7)
  An eye of draining (D:9)
  2 ice beasts
  4 ogres
  2 big kobolds
  5 bullfrogs
  Dowan (D:6)
  5 scorpions
  A water moccasin skeleton (D:10)
  5 wights (D:7)
  A howler monkey (D:4)
  A bullfrog zombie (D:8)
  3 crimson imps
  2 bullfrog skeletons (D:7)
  A centaur skeleton (D:10)
  3 hounds
  4 orc priests
  Jessica (D:3)
  3 iguanas
  2 worker ants
  6 orc wizards
  2 hound skeletons
  A worker ant zombie (D:9)
  7 gnolls
  A howler monkey skeleton (D:9)
  7 adders
  3 river rats (Sewer)
  An adder zombie (D:6)
  2 worms
  3 dart slugs
  4 leopard geckos
  35 orcs
  3 ball pythons
  7 bats
  4 giant cockroaches
  4 hobgoblins
  8 jackals
  3 quokkas
  13 frilled lizards
  4 goblins
  14 kobolds
  3 leopard gecko skeletons
  A quokka zombie (D:9)
  10 rats
210 creatures vanquished.

Vanquished Creatures (others)
  4 plants (D:10)
4 creatures vanquished.

Grand Total: 214 creatures vanquished

Notes
Turn   | Place    | Note
-------+----------+-------------------------------------------
     0 | D:1      | Ezendos the Gargoyle Earth Elementalist began the quest for
                  | the Orb.
     0 | D:1      | Reached XP level 1. HP: 10/10 MP: 3/3
    66 | D:1      | Reached skill level 1 in Fighting
   446 | D:1      | Reached XP level 2. HP: 17/17 MP: 3/5
  1138 | D:2      | Reached XP level 3. HP: 22/22 MP: 4/6
  1701 | D:3      | Found a shimmering blue altar of Sif Muna.
  1709 | D:3      | Became a worshipper of Sif Muna the Loreminder
  1816 | D:3      | Learned a level 3 spell: Stone Arrow
  1819 | D:3      | Learned a level 2 spell: Passwall
  2167 | D:3      | Reached skill level 4 in Earth Magic
  2177 | D:3      | Noticed Jessica
  2183 | D:3      | Killed Jessica
  2183 | D:3      | Reached XP level 4. HP: 27/27 MP: 8/8
  2213 | D:3      | Found a blossoming altar of Fedhas.
  2265 | D:4      | Reached skill level 1 in Armour
  2301 | D:4      | Reached XP level 5. HP: 16/31 MP: 9/9
  2311 | D:4      | Noticed an ice beast
  2715 | D:4      | Got a bloodstained leather armour
  2756 | D:4      | Identified the +6 leather armour of Existentialism {+Fly
                  | rF+ Str+7} (You found it on level 4 of the Dungeon)
  2993 | D:4      | Reached skill level 1 in Conjurations
  2993 | D:4      | Reached XP level 6. HP: 37/37 MP: 8/10
  3191 | D:5      | Entered Level 5 of the Dungeon
  3191 | D:5      | Found a stormy altar of Qazlal.
  3191 | D:5      | Found a glowing golden altar of the Shining One.
  3191 | D:5      | Found a bloodstained altar of Trog.
  3192 | D:5      | Found an opulent altar of Gozag.
  3273 | D:5      | Reached skill level 5 in Earth Magic
  3354 | D:4      | Got a smelly ring mail
  3365 | D:4      | Identified the cursed +1 ring mail of Duxium Tain {MP+9}
                  | (You found it on level 4 of the Dungeon)
  3510 | D:4      | Found a staircase to the Ecumenical Temple.
  3696 | D:4      | Found Tiqy's Jewellery Shoppe.
  3838 | D:5      | Reached * piety under Sif Muna
  3947 | D:5      | Found a shimmering altar of Xom.
  3947 | D:5      | Found a hazy altar of Hepliaklqana.
  3948 | D:5      | Found an ornate altar of the Wu Jian Council.
  4060 | D:5      | Learned a level 5 spell: Lee's Rapid Deconstruction
  4147 | D:5      | Found a sacrificial altar of Ru.
  4180 | D:5      | Reached XP level 7. HP: 42/42 MP: 12/12
  4279 | D:5      | Reached skill level 6 in Earth Magic
  4568 | D:5      | Reached ** piety under Sif Muna
  4857 | D:5      | Reached skill level 7 in Earth Magic
  4946 | D:6      | Found a runed translucent gate.
  4946 | D:6      | Found a runed translucent gate.
  4946 | D:6      | Found a runed translucent gate.
  4979 | D:6      | Found a glowing drain.
  4992 | Sewer    | Entered a sewer
  5037 | Sewer    | Reached XP level 8. HP: 48/48 MP: 13/13
  5543 | D:6      | Reached skill level 8 in Earth Magic
  5910 | D:6      | Noticed Dowan
  5940 | D:6      | Noticed Duvessa
  5944 | D:6      | Killed Duvessa
  5944 | D:6      | Killed Dowan
  6167 | D:7      | Reached skill level 9 in Earth Magic
  6220 | D:7      | Reached skill level 5 in Fighting
  6252 | D:7      | Reached skill level 5 in Spellcasting
  6384 | D:7      | Found a basalt altar of Yredelemnul.
  6539 | D:7      | Reached XP level 9. HP: 54/54 MP: 17/17
  7024 | D:7      | Found a white marble altar of Elyvilon.
  7159 | D:7      | Reached skill level 1 in Shields
  7365 | D:7      | Reached *** piety under Sif Muna
  7437 | D:8      | Noticed Psyche
  7439 | D:8      | Killed Psyche
  8037 | D:8      | Reached skill level 1 in Evocations
  8639 | D:9      | Reached XP level 10. HP: 60/60 MP: 21/21
  8868 | D:9      | Noticed Prince Ribbit
  8923 | D:9      | Killed Prince Ribbit
  9212 | D:9      | Found a staircase to the Orcish Mines.
  9234 | D:9      | Got an ichor-stained hunting sling
  9277 | D:9      | Identified the +6 hunting sling "Ezendos's Peril" {flame,
                  | rN+} (You found it on level 9 of the Dungeon)
  9322 | D:10     | Entered Level 10 of the Dungeon
  9342 | D:10     | Reached **** piety under Sif Muna
  9608 | D:10     | Reached skill level 10 in Earth Magic
  9712 | D:10     | Reached skill level 5 in Conjurations
  9824 | D:10     | Found a staircase to the Lair.
  9883 | Lair:1   | Entered Level 1 of the Lair of Beasts
  9883 | Lair:1   | Noticed a spiny frog
 10230 | D:10     | Learned a level 4 spell: Petrify
 10238 | D:10     | Slain by a meliai

Levels and vault maps discovered:
D:1:      ncdulo_halloftheorcs, layout_loops_cross
D:2:      layout_basic
D:3:      layout_basic, fedhas_altar_3, lemuel_crystal_altar, first_ration,
          uniq_jessica
D:4:      layout_basic, minmay_temple_entry_poolview, serial_shops,
          kennysheep_little_box, serial_forest, infiniplex_forest_clump_C,
          infiniplex_forest_straight_4, infiniplex_forest_clump_diagonal,
          infiniplex_forest_clump_long, infiniplex_forest_straight_1,
          infiniplex_forest_clump_medium
D:5:      layout_cave_pools, grunt_temple_overflow_open,
          nicolae_ru_sacrificial_ziggurat
D:6:      layout_gridville, gammafunk_ghost_icy, cheibrodos_sewer_entry_bend,
          uniq_duvessa
D:7:      layout_loops_cross, kennysheep_ying_yang
D:8:      layout_cave_pools, uniq_psyche
D:9:      layout_cave_pools, orc_0_dummy, serial_column_ruins,
          column_ruins_grid_3, column_ruins_open_medium,
          column_ruins_columns_straight, column_ruins_columns_corner,
          column_ruins_open_large, column_ruins_grid_1, uniq_prince_ribbit1
D:10:     layout_long_grid, david_lair_shrubbed, special_room
          [special_room_bee], hangedman_ranch [blue_anna_fruit_fields]
Lair:1:   layout_cave_shapes, serial_rivers, chequers_serial_rivers_small_a,
          chequers_serial_rivers_large_b, chequers_serial_rivers_small_3,
          chequers_serial_rivers_micro_c, chequers_serial_rivers_small_3

Skill      XL: |  1  2  3  4  5  6  7  8  9 10 |
---------------+-------------------------------+-----
Fighting       | 1 2 3 5 6 |  6.9
Earth Magic    | 4 5 7 9 10 | 10.0
Armour         | 1 2 |  2.0
Spellcasting   | 3 5 7 8 |  8.2
Dodging        | 2 |  2.1
Conjurations   | 1 2 3 4 5 |  5.0
Shields        | 4 |  4.0
Evocations     | 1 3 |  3.8
Stealth        | |  2.1
Transmutations | |  0.7

Action                   |  1- 3 |  4- 6 |  7- 9 | 10-12 || total
-------------------------+-------+-------+-------+-------++-------
Melee: Spear             |    10 |    13 |       |       ||    23
       Unarmed           |     1 |       |       |       ||     1
       Quarterstaff      |     7 |     8 |       |       ||    15
       Whip              |       |       |   120 |     5 ||   125
 Cast: Sandblast         |    53 |    72 |    65 |    25 ||   215
       Stone Arrow       |       |     2 |    59 |    47 ||   108
       Lee's Rapid Decon |       |       |    23 |     4 ||    27
       Petrify           |       |       |       |     2 ||     2
  Use: Scroll            |     4 |     8 |    10 |     5 ||    27
 Stab: Sleeping          |     2 |     1 |     3 |       ||     6
  Eat: Chunk             |     5 |     2 |    13 |     3 ||    23
       Ration            |       |     1 |     3 |     1 ||     5
Armor: Robe              |     2 |       |       |       ||     2
       Ring mail         |     5 |     2 |       |       ||     7
       Leather armour    |       |    21 |    72 |    22 ||   115
Dodge: Dodged            |    23 |    33 |    92 |    19 ||   167
Block: Buckler           |       |       |     5 |     4 ||     9
